Construct Light Support Kompanie
Selects Panzerjäger Kommand Battlegroup
Selects Panzerjäger Kommand Battlegroup
Selects Panzerjäger Kommand Battlegroup
Selects GrB 39 Grenade Launcher Requisition
Panzerjäger Mechanized Group
Selects Blockade Equipment
Construct Panzerarmee Kommand
Pak 38 Anti-tank Gun Team
Walking Stuka Rocket Launcher
Selects Butterfly Bomb Drop
Selects Crew Shock Tactics
Selects Anti-tank Overwatch
Construct Mechanized Kompanie